 Dungeon Crawl Stone Soup version 0.31-a0-1591-g515db51633 (webtiles) character file.

Game seed: 10702986628227334007

97 James the Cutter (level 4, -2/23 HPs)
             Began as a Spriggan Fighter on Jan 6, 2024.
             Incinerated by a bombardier beetle (3 damage)
             ... with a burning spray
             ... on level 3 of the Dungeon.
             The game lasted 00:05:23 (1576 turns).

James the Cutter (Spriggan Fighter)                 Turns: 1576, Time: 00:05:23

Health: -2/23      AC:  2    Str: 12    XL:     4   Next: 42%
Magic:  5/5        EV: 18    Int:  9    God:
Gold:   75         SH:  0    Dex: 16    Spells: 3/3 levels left

rFire   . . .        a - +0 rapier
rCold   . . .        (no shield)
rNeg    . . .        b - +0 robe
rPois   .            (helmet restricted)
rElec   .            (no cloak)
rCorr   .            (gloves unavailable)
SInv    +            (boots unavailable)
Will    .....        (no amulet)
Stlth   +            (no ring)
HPRegen 0.23/turn    (no ring)
MPRegen 0.09/turn

%: no passive effects
@: on fire, glowing, very quick
A: very small, no large weapons, unfitting armour, see invisible, speed 3
a: no special abilities


You were on level 3 of the Dungeon.
You visited 1 branch of the dungeon, and saw 3 of its levels.

You collected 75 gold pieces.

Inventory:

Hand Weapons
 a - a +0 rapier (weapon)
 g - a +0 dagger
   (You took it off a goblin on level 1 of the Dungeon)
 n - a +0 short sword
   (You took it off a kobold on level 1 of the Dungeon)
 p - a +0 sling
   (You found it on level 1 of the Dungeon)
Missiles
 e - 26 stones
 k - 6 poisoned darts (quivered)
Armour
 b - a +0 robe (worn)
 c - a +0 buckler
 i - a +0 robe
   (You found it on level 1 of the Dungeon)
 j - a +0 robe
   (You found it on level 1 of the Dungeon)
 l - a +0 robe
   (You found it on level 1 of the Dungeon)
 u - a +0 robe
   (You found it on level 3 of the Dungeon)
Scrolls
 f - a scroll of fear {unknown}
 h - a scroll of blinking {unknown}
 m - a scroll of teleportation {unknown}
 o - a scroll of identify {unknown}
 s - 2 scrolls of revelation {unknown}
Potions
 d - a potion of might
 q - 2 potions of heal wounds {unknown}
 r - 2 potions of curing {unknown}
 t - 2 potions of degeneration {unknown}


   Skills:
 - Level 2.4 Fighting
 + Level 5.2 Short Blades
 - Level 4.0 Dodging
 - Level 2.1 Shields


You had 3 spell levels left.
You didn't know any spells.
Your spell library contained the following spells:

 Spells                   Type           Power      Damage    Failure   Level
 Volatile Blastmotes      Fire/Tloc      0%         2d10      77%         3
 Fulminant Prism          Conj/Alch      0%         3d5       99%         4
 Iskenderun's Mystic Bla  Conj/Tloc      0%         2d3       99%         4


Dungeon Overview and Level Annotations

Branches:
Dungeon (3/15)

Altars:

Shops:
D:1 ?

Annotations:
D:2 Terence


Innate Abilities, Weirdness & Mutations

You are very small and have problems with some larger weapons.
You are too small for most types of armour.
You have supernaturally acute eyesight. (SInv)
You cover ground extremely quickly. (Speed+++)


Message History

You barely miss the quokka. The quokka bites you.
* * * LOW HITPOINT WARNING * * *
You hit the quokka.
You kill the quokka!
You have reached level 4!
You start resting.
Found a stone staircase leading up.
A bombardier beetle comes into view.
There is a stone staircase leading up here.
You hit the bombardier beetle.
The bombardier beetle sprays incendiary fluid at you.
The burning spray hits you.
You are covered in liquid fire!
You hit the bombardier beetle.
You punch the bombardier beetle, but do no damage.
The liquid fire burns you!
You completely miss the bombardier beetle.
The liquid fire burns you!
The bombardier beetle closely misses you.
You hit the bombardier beetle. The liquid fire burns you!
The bombardier beetle misses you.
You barely miss the bombardier beetle. The liquid fire burns you!
You closely miss the bombardier beetle. The liquid fire burns you!
* * * LOW HITPOINT WARNING * * *
The bombardier beetle sprays incendiary fluid at you.
The burning spray hits you.
You are even more covered in liquid fire!
You closely miss the bombardier beetle. The liquid fire burns you!
* * * LOW HITPOINT WARNING * * *
You hit the bombardier beetle.
You kill the bombardier beetle!
The liquid fire burns you!
* * * LOW HITPOINT WARNING * * *
Your Short Blades skill increases to level 5!
You shake off some of the fire as you move.
The liquid fire burns you!
* * * LOW HITPOINT WARNING * * *
There is a stone staircase leading up here.
You shake off some of the fire as you move.
The liquid fire burns you!
* * * LOW HITPOINT WARNING * * *
Okay, then.
Unknown command.
You shake off some of the fire as you move.
The liquid fire burns you!
You die...

.....................#
...#....##...#.....#
...................#
#......###........#
#.....# #........#.###
#.....# #.............
##....# #..###.#.#.#.#
#...<###..###.#.#.#
#.....@.......### #
#.#..###.####.#
........# #.####.###
####.#..# #.#......#
#....# #.#..#.###.#
#.#..###..........#
#.#........†#####.# #
#.####..........# ..
#.#..#######


There were no monsters in sight!

Vanquished Creatures
  A bombardier beetle (D:3)
  2 adders
  A dart slug (D:2)
  A ribbon worm (D:2)
  A ball python (D:1)
  4 bats
  4 endoplasms
  3 giant cockroaches
  3 goblins
  4 hobgoblins
  6 quokkas
  A frilled lizard (D:2)
  5 kobolds
  4 rats
40 creatures vanquished.

Notes
Turn   | Place    | Note
-------+----------+-------------------------------------------
     0 | D:1      | James the Spriggan Fighter began the quest for the Orb.
     0 | D:1      | Reached XP level 1. HP: 11/11 MP: 2/2
   242 | D:1      | Found Udogor's Magic Scroll Emporium.
   254 | D:1      | Reached skill level 3 in Short Blades
   254 | D:1      | Reached XP level 2. HP: 14/16 MP: 3/3
   731 | D:2      | Noticed Terence
   806 | D:2      | Reached XP level 3. HP: 19/19 MP: 4/4
   844 | D:2      | Reached skill level 4 in Short Blades
  1500 | D:3      | Reached XP level 4. HP: 10/23 MP: 5/5
  1574 | D:3      | Reached skill level 5 in Short Blades
  1575 | D:3      | HP: 1/23 [burnt (2)]
  1576 | D:3      | Incinerated by a bombardier beetle

Illustrated notes

Levels and vault maps discovered:
D:1:      saegor_arrival_simple_e, layout_loops_ring, serial_shops, shop
D:2:      layout_basic, uniq_terence
D:3:      layout_basic, hellmonk_ecumenical_altar_blasted

Skill      XL: |  1  2  3  4 |
---------------+-------------+-----
Short Blades   | 3 4 5 |  5.2
Fighting       | |  2.4
Dodging        | |  4.0
Shields        | |  2.1

Action                     |  1- 3 |  4- 6 || total
---------------------------+-------+-------++-------
  Melee: Rapier            |   142 |     8 ||   150
         Punch             |       |     1 ||     1
  Throw: Dart              |     1 |       ||     1
 Armour: Robe              |    30 |       ||    30
  Dodge: Dodged            |   118 |     2 ||   120

Table legend: (Time is in decaauts)
 A = Elapsed time spent in this place.
 B = Non-inter-level travel time spent in this place.
 C = Inter-level travel time spent in this place.
 D = Time resting spent in this place.
 E = Time spent auto-exploring this place.
 F = Levels seen in this place.
 G = Mean time per level.
                   A        B        C        D        E       F      G
               +--------+--------+--------+--------+--------+-----+--------+
         Total |   1116 |   1020 |     96 |    111 |    516 |   3 |  372.0 |
       Dungeon |   1116 |   1020 |     96 |    111 |    516 |   3 |  372.0 |
               +--------+--------+--------+--------+--------+-----+--------+

Top non-repeatable levels by time:
     D:1: 516 daAuts
     D:2: 468 daAuts
     D:3: 130 daAuts
